 Dungeon Crawl Stone Soup version 0.22.0-25-g7663229 (webtiles) character file.

198 Lauz the Slasher (level 5, -2/72 HPs)
             Began as a Minotaur Berserker on Aug 20, 2018.
             Was a Priest of Trog.
             Slain by an orc warrior
             ... wielding a +0 trident
              (12 damage)
             ... on level 3 of the Dungeon.
             The game lasted 00:06:14 (2256 turns).

Lauz the Slasher (Minotaur Berserker)               Turns: 2256, Time: 00:06:15

Health: -2/72      AC:  5    Str: 27    XL:     5   Next: 47%
Magic:  4/4        EV: 11    Int:  4    God:    Trog [***...]
Gold:   113        SH:  0    Dex: 10    Spells: 4/4 levels left

rFire    + . .     SeeInvis .   a - +0 falchion
rCold    + . .     Gourm    .   (no shield)
rNeg     . . .     Faith    .   q - +0 ring mail
rPois    .         Spirit   .   (helmet restricted)
rElec    .         Reflect  .   u - scarf {rC+ rF+}
rCorr    .         Harm     .   (no gloves)
MR       .....                  (no boots)
Stlth    ..........             (no amulet)
HPRegen  0.22/turn              (no ring)
MPRegen  0.09/turn              (no ring)

@: berserking, very quick
A: retaliatory headbutt, horns 2
a: Berserk, Trog's Hand, Renounce Religion


You were on level 3 of the Dungeon.
You worshipped Trog.
Trog was most pleased with you.
You were very hungry.

You visited 1 branch of the dungeon, and saw 3 of its levels.

You collected 113 gold pieces.

Inventory:

Hand Weapons
 a - a +0 falchion (weapon)
Armour
 b - a +0 animal skin
 n - a +0 cloak
 q - a +0 ring mail (worn)
 u - a scarf of resistance (worn)
Jewellery
 h - a +2 amulet of reflection {unknown}
 o - an uncursed ring of resist corrosion {unknown}
Scrolls
 d - a scroll of magic mapping {unknown}
 e - a scroll of enchant armour {unknown}
 f - 3 scrolls of teleportation {unknown}
 g - a scroll of immolation {unknown}
 j - a scroll of identify {unknown}
 l - a scroll of fear {unknown}
 m - a scroll of remove curse {unknown}
 p - a scroll of fog {unknown}
Potions
 i - a potion of curing {unknown}
 k - a potion of lignification {unknown}
 r - a potion of agility {unknown}
 s - a potion of haste {unknown}
Comestibles
 c - 4 rations
 t - 3 chunks of flesh


   Skills:
 + Level 5.2 Fighting
 * Level 6.4 Long Blades
 + Level 2.5 Armour
 - Level 2.1 Dodging
 + Level 0.1 Stealth


You had 4 spell levels left.
You didn't know any spells.
Your spell library was empty.

Dungeon Overview and Level Annotations

Branches:
Dungeon (3/15)

Altars:


Innate Abilities, Weirdness & Mutations

You reflexively headbutt those who attack you in melee.
You have a pair of horns on your head.


Message History

Trog accepts your kill.
Trog appreciates your killing of a magic user.
Things that are here:
a dagger; a robe; an orc corpse You closely miss the orc warrior.
The orc warrior misses you. The orc barely misses you.
You hit the orc warrior. Your headbutt misses the orc warrior.
The orc warrior is lightly wounded.
The orc warrior hits you with a trident!
The orc hits you with a whip.
You completely miss the orc warrior. You headbutt the orc warrior.
The orc warrior is moderately wounded.
The orc warrior hits you with a trident!
* * * LOW HITPOINT WARNING * * *
The orc hits you but does no damage.
A red film seems to cover your vision as you go berserk!
You feel yourself moving faster!
You feel mighty!
You are feeling very hungry.
The orc warrior hits you with a trident!
You die...

## #..... .# #...... .#
....... .# ....... .#
....... .# .......
.################o......
...............)@o....$.
.################........
.# #.<............ #####
#.............. ....#
###..............
..#.#####......<.........
.....:.)......####.......
.........................
............#........#


You could see an orc warrior and an orc.

Vanquished Creatures
  An orc priest (D:3)
  An orc wizard (D:3)
  5 adders (D:2)
  3 worms (D:2)
  3 dart slugs
  5 leopard geckos
  4 orcs (D:3)
  A giant cockroach (D:2)
  12 goblins
  7 hobgoblins
  8 jackals
  A quokka (D:2)
  2 ball pythons
  8 bats
  3 frilled lizards
  4 kobolds
  2 rats (D:1)
70 creatures vanquished.

Notes
Turn   | Place    | Note
-------+----------+-------------------------------------------
     0 | D:1      | Lauz the Minotaur Berserker began the quest for the Orb.
     0 | D:1      | Reached XP level 1. HP: 19/19 MP: 0/0
    27 | D:1      | Reached skill level 4 in Long Blades
    33 | D:1      | Reached XP level 2. HP: 21/27 MP: 1/1
   585 | D:1      | Reached XP level 3. HP: 33/33 MP: 2/2
   600 | D:1      | Reached ** piety under Trog
  1088 | D:2      | Reached skill level 5 in Long Blades
  1088 | D:2      | Reached XP level 4. HP: 11/41 MP: 3/3
  1553 | D:2      | Reached skill level 5 in Fighting
  2070 | D:3      | Reached *** piety under Trog
  2127 | D:3      | Reached XP level 5. HP: 48/48 MP: 4/4
  2244 | D:3      | Reached skill level 6 in Long Blades
  2245 | D:3      | Noticed an orc warrior
  2256 | D:3      | Slain by an orc warrior

Skill      XL: |  1  2  3  4  5 |
---------------+----------------+-----
Long Blades    | 4 5 6 |  6.4
Fighting       | 4 5 |  5.2
Armour         | |  2.5
Dodging        | |  2.1
Stealth        | |  0.1

Action                   |  1- 3 |  4- 6 || total
-------------------------+-------+-------++-------
Melee: Falchion          |    83 |    83 ||   166
       Headbutt          |    10 |    16 ||    26
Invok: Berserk           |       |     1 ||     1
  Eat: Chunk             |       |     4 ||     4
Armor: Animal skin       |    17 |     7 ||    24
       Ring mail         |       |     6 ||     6
Dodge: Dodged            |    65 |    41 ||   106
       Rpst.: Falchion   |    14 |    10 ||    24
